 Dungeon Crawl Stone Soup version 0.18.1-48-g4cf74bf (webtiles) character file.

240 Krapule the Ruffian (level 5, -6/45 HPs)
             Began as a Draconian Transmuter on Sept 11, 2016.
             Mangled by an orc priest
             ... wielding a +0 flail
              (11 damage)
             ... on level 3 of the Dungeon.
             The game lasted 00:11:43 (3568 turns).

Krapule the Ruffian (Draconian Transmuter)          Turns: 3568, Time: 00:11:45

Health: -6/45      AC:  5    Str: 13    XL:     5   Next: 80%
Magic:  9/9        EV: 12    Int: 13    God:
Gold:   91         SH:  0    Dex: 12    Spells: 2 memorised, 6 levels left

rFire  . . .     SeeInvis .       - Unarmed
rCold  . . .     Gourm    .     (armour unavailable)
rNeg   . . .     Faith    .     (no shield)
rPois  .         Spirit   .     (helmet restricted)
rElec  .         Dismiss  .     (no cloak)
rCorr  .         Reflect  .     (no gloves)
SustAt .         Harm     .     (no boots)
MR     .....                    (no amulet)
Stlth  +.........               (no ring)
                                (no ring)

@: drained, not resistant to hostile enchantments, very unstealthy
A: unfitting armour, cold-blooded, AC +5
a: no special abilities


You were on level 3 of the Dungeon.
You were hungry.

You visited 1 branch of the dungeon, and saw 3 of its levels.

You collected 91 gold pieces.

Inventory:

Missiles
 a - 37 arrows
Armour
 k - a +0 buckler
Scrolls
 h - a scroll of identify {unknown}
 i - 2 scrolls of teleportation {unknown}
 j - a scroll of recharging {unknown}
 l - 2 scrolls of enchant armour {unknown}
Potions
 e - a potion of heal wounds {unknown}
 g - a potion of magic {unknown}
 n - a potion of lignification {unknown}
Books
 b - a book of Changes

   Spells                             Type                      Level
   a - Beastly Appendage              Transmutation                1
   b - Sticks to Snakes               Transmutation                2
   c - Spider Form                    Transmutation/Poison         3
   d - Ice Form                       Ice/Transmutation            4
   e - Blade Hands                    Transmutation                5
Comestibles
 c - 2 bread rations
 d - 2 meat rations
 f - 2 beef jerkies
 m - 3 fruits
 o - a slice of pizza


   Skills:
 + Level 3.0(2.4) Fighting
 + Level 2.8(2.1) Dodging
 + Level 1.3(0.7) Shields
 + Level 4.0(3.4) Unarmed Combat
 + Level 2.7(2.1) Spellcasting
 + Level 3.1(2.4) Transmutations


You had 6 spell levels left.
You knew the following spells:

 Your Spells              Type           Power        Failure   Level  Hunger
a - Beastly Appendage     Trmt           #.....       10%         1    ##.....
b - Sticks to Snakes      Trmt           #.......     14%         2    ###....


Dungeon Overview and Level Annotations

Branches:
Dungeon (3/15)

Altars:


Innate Abilities, Weirdness & Mutations

Your plain brown scales are hard (AC +5).
Your body does not fit into most forms of armour.
You are cold-blooded and may be slowed by cold attacks.


Message History

You hit the orc priest.
The orc priest is heavily wounded.
You closely miss the orc priest.
The orc priest is heavily wounded.
The orc priest hits you but does no damage.
You closely miss the orc priest. You tail-slap the orc priest.
The orc priest is severely wounded.
The orc priest barely misses you.
You closely miss the orc priest.
The orc priest is severely wounded.
The orc priest misses you.
You hit the orc priest but do no damage.
The orc priest is severely wounded.
The orc priest hits you but does no damage.
You closely miss the orc priest.
The orc priest is severely wounded.
You closely miss the orc priest.
The orc priest is severely wounded.
The orc priest hits you with a flail!
You die...

#...## ##...#.#
#....###....#.#
#.....#.....#÷#
#####'#######.# #.#
#.........# #.#
##.###.#### ###########.#
#.# #.# ..........#.# #.#
#.#
....)...†...####@###.##
#########.#...##o##...##
#########..###.........##
...........# #..........##
..########.###...........#
#.# #....###.......## #.#
#.#.## ##.....## #.#####
#.#.# ##...## #.#...##
#)#.# ##.##


You could see an orc priest.

Vanquished Creatures
  An orc priest (D:3)
  Robin (D:2)
  3 gnolls (D:3)
  5 adders
  An ooze (D:1)
  2 worms (D:2)
  3 giant geckos
  12 orcs
  2 giant cockroaches
  7 hobgoblins
  A jackal (D:3)
  8 kobolds
  A quokka (D:2)
  2 ball pythons
  9 bats
  5 giant newts
  12 goblins
  44 rats
119 creatures vanquished.

Vanquished Creatures (collateral kills)
  A gnoll (D:3)
  2 goblins (D:2)
  2 jackals (D:3)
5 creatures vanquished.

Grand Total: 124 creatures vanquished

Notes
Turn   | Place    | Note
--------------------------------------------------------------
     0 | D:1      | Krapule the Draconian Transmuter began the quest for the Orb.
     0 | D:1      | Reached XP level 1. HP: 16/16 MP: 3/3
   374 | D:1      | Reached XP level 2. HP: 12/23 MP: 5/5
   528 | D:1      | Learned a level 2 spell: Sticks to Snakes
  1060 | D:2      | Reached XP level 3. HP: 28/28 MP: 6/6
  1194 | D:2      | Noticed Robin
  1580 | D:2      | Killed Robin
  1585 | D:2      | Reached XP level 4. HP: 29/36 MP: 5/7
  2086 | D:3      | Reached XP level 5. HP: 14/42 MP: 5/8
  2607 | D:3      | Reached skill level 4 in Unarmed Combat
  3145 | D:3      | Reached skill level 1 in Shields
  3568 | D:3      | Mangled by an orc priest

Skill      XL: |  1  2  3  4  5 |
---------------+----------------+-----
Dodging        | 2 |  2.8
Fighting       | 2 3 |  3.0
Unarmed Combat | 4 |  4.0
Shields        | 1 |  1.3
Transmutations | 3 |  3.1
Spellcasting   | |  2.7

Action                   |  1- 3 |  4- 6 || total
-------------------------+-------+-------++-------
Melee: Unarmed           |   148 |   271 ||   419
       Tailslap          |    16 |    22 ||    38
       Punch             |       |     2 ||     2
 Cast: Sticks to Snakes  |     2 |     6 ||     8
 Stab: Sleeping          |     1 |       ||     1
  Eat: Chunk             |     2 |     7 ||     9
Armor: Skin              |    39 |    73 ||   112
Dodge: Dodged            |   102 |   138 ||   240
